 Dungeon Sprint DCSS version 0.20-a0-556-g892c87b (webtiles) character file.

50 Kidiri the Magician (level 3, -1/21 HPs)
             Began as a Deep Elf Fire Elementalist on Feb 4, 2017.
             Was a Follower of Vehumet.
             Slain by an ufetubus (2 damage)
             ... summoned by a ynoxinul
             ... in the Dungeon (Sprint V: "Ziggurat Sprint").
             The game lasted 00:02:40 (395 turns).

Kidiri the Magician (Deep Elf Fire Elementalist)     Turns: 395, Time: 00:02:41

Health: -1/21      AC:  2    Str:  5    XL:     3   Next: 55%
Magic:  18/19      EV: 14    Int: 38    God:    Vehumet [*.....]
Gold:   0          SH:  0    Dex: 15    Spells: 6/15 levels left

rFire    . . .     SeeInvis .   I - +6 Majin-Bo {vamp, Archmagi MP+6 Int+6}
rCold    . . .     Gourm    .   a - +0 robe
rNeg     . . .     Faith    .   (shield currently unavailable)
rPois    .         Spirit   .   (no helmet)
rElec    .         Reflect  .   (no cloak)
rCorr    .         Harm     .   (no gloves)
MR       .....     NoTele   +   (no boots)
Stlth    ++........             (no amulet)
Regen    0.1/turn               q - +6 ring of intelligence
                                p - +6 ring of intelligence

@: studying Slings
A: no striking features
a: Renounce Religion


You were in the Dungeon.
You worshipped Vehumet.
Vehumet was aware of your devotion.
You were very full.

You visited 1 branch

Inventory:

Hand Weapons
 I - the +6 Majin-Bo (weapon) {vamp, Archmagi MP+6 Int+6}
   (You found it in the Dungeon)

   It inflicts no extra harm, but heals its wielder when it wounds a living foe.
   It affects your intelligence (+6).
   It affects your magic capacity (+6).
Armour
 a - a +0 robe (worn)
Jewellery
 n - a +6 ring of dexterity
 o - a +6 ring of dexterity
 p - a +6 ring of intelligence (left hand)
 q - a +6 ring of intelligence (right hand)
 r - a +6 ring of strength
 s - a +6 ring of strength
Wands
 j - a wand of disintegration (5/24)
 k - a wand of iceblast (3/15)
 l - a wand of lightning (3/15)
 m - a wand of acid (5/15)
Scrolls
 i - 4 scrolls of blinking
 v - 4 scrolls of amnesia
 w - 3 scrolls of recharging
 x - 7 scrolls of fog
 y - a scroll of holy word
 z - 5 scrolls of identify
 A - 5 scrolls of remove curse
 B - 2 scrolls of fear
Potions
 d - 9 potions of curing
 e - 10 potions of heal wounds
 f - 6 potions of haste
 g - 7 potions of magic
 h - 3 potions of berserk rage
 C - 2 potions of brilliance
 D - 2 potions of invisibility
 E - 4 potions of resistance
 G - 5 potions of agility
 H - 5 potions of might
Books
 b - a book of Flames

   Spells                             Type                      Level
   a - Flame Tongue                   Conjuration/Fire             1
   b - Throw Flame                    Conjuration/Fire             2
   c - Conjure Flame                  Conjuration/Fire             3
   d - Inner Flame                    Hexes/Fire                   3
   e - Sticky Flame                   Conjuration/Fire             4
   f - Fireball                       Conjuration/Fire             5
 F - a manual of Slings
Comestibles
 c - 5 bread rations
 t - 30 fruits
 u - 4 meat rations


   Skills:
 + Level 2.2 Fighting
 + Level 2.8 Staves
 + Level 2.2 Armour
 + Level 4.4 Dodging
 - Level 2.4 Stealth
 * Level 6.6 Spellcasting
 + Level 3.4 Conjurations
 + Level 4.8 Fire Magic


You had 6 spell levels left.
You knew the following spells:

 Your Spells              Type           Power        Failure   Level  Hunger
a - Flame Tongue          Conj/Fire      #####        1%          1    None
b - Throw Flame           Conj/Fire      ######       1%          2    None
c - Conjure Flame         Conj/Fire      ######..     1%          3    None
d - Inner Flame           Hex/Fire       #####...     3%          3    None


Dungeon Overview and Level Annotations

Branches:
Dungeon (1/1)

Altars:
Ashenzari
Cheibriados
Dithmenos
Elyvilon
Fedhas
Gozag
Hepliaklqana
Kikubaaqudgha
Makhleb
Nemelex Xobeh
Okawaru
Qazlal
Ru
Sif Muna
Trog
Uskayaw
Vehumet
Xom
Yredelemnul
Zin
The Shining One
Beogh
Jiyva
Lugonu


Message History

The iceblast engulfs the iron imp.
The iron imp partially resists.
The iron imp is severely wounded.
The iceblast engulfs the ufetubus.
The ufetubus partially resists.
You kill the ufetubus!
The iceblast engulfs the ufetubus.
The ufetubus partially resists.
You kill the ufetubus!
The iceblast engulfs the ufetubus.
The ufetubus partially resists.
The ufetubus is almost dead.
This wand has 3 charges left.
The ufetubus hits you. The ufetubus misses you. x2
The ufetubus barely misses you.
The ufetubus hits you but does no damage.
The ufetubus hits you. x2; The ufetubus completely misses you.
The ufetubus hits you.
* * * LOW HITPOINT WARNING * * *
The ufetubus closely misses you. The ufetubus hits you.
* * * LOW HITPOINT WARNING * * *
The ufetubus closely misses you. The ufetubus hits you.
* * * LOW HITPOINT WARNING * * *
The ufetubus hits you.
You die...

▓▓▓▓▓▓▓▓▓▓▓▓▓
▓.8©8.▓.8©8.▓
▓.=[=.▓.....▓
▓.....▓.:...▓
▓.3...▓.....▓
▓5.5..▓.....▓
▓5@5..▓.....▓
▓..5..▓▓▓▓▓▓▓
▓▓▓▓▓▓▓


You could see a ynoxinul, an iron imp and 4 ufetubi.

Vanquished Creatures
  An iron imp (D)
  A shadow imp (D)
  A white imp (D)
3 creatures vanquished.

Notes
Turn   | Place    | Note
-------+----------+-------------------------------------------
     0 | D        | Kidiri the Deep Elf Fire Elementalist began the quest for the Orb.
     0 | D        | Reached XP level 1. HP: 10/10 MP: 6/6
     0 | D        | Found a deep blue altar of Sif Muna.
     0 | D        | Found a bloodstained altar of Trog.
     0 | D        | Found a sacrificial altar of Ru.
     0 | D        | Found a stormy altar of Qazlal.
     0 | D        | Found an iron altar of Okawaru.
     4 | D        | Found a sparkling altar of Nemelex Xobeh.
     6 | D        | Found a corrupted altar of Lugonu.
     6 | D        | Found an ancient bone altar of Kikubaaqudgha.
     6 | D        | Found a burning altar of Makhleb.
     6 | D        | Found a viscous altar of Jiyva.
     6 | D        | Found a hazy altar of Hepliaklqana.
    17 | D        | Found an opulent altar of Gozag.
    18 | D        | Found a blossoming altar of Fedhas.
    48 | D        | Reached skill level 1 in Fighting
    48 | D        | Reached skill level 1 in Armour
    48 | D        | Reached skill level 5 in Spellcasting
    48 | D        | Reached XP level 2. HP: 17/17 MP: 6/10
    61 | D        | Became a worshipper of Vehumet
   125 | D        | Learned a level 2 spell: Throw Flame
   125 | D        | Entered arena 1.
   131 | D        | Reached skill level 6 in Spellcasting
   131 | D        | Reached XP level 3. HP: 5/21 MP: 12/12
   136 | D        | Learned a level 3 spell: Conjure Flame
   140 | D        | Learned a level 3 spell: Inner Flame
   389 | D        | Entered arena 2.
   389 | D        | Noticed a ynoxinul
   391 | D        | Reached * piety under Vehumet
   391 | D        | Offered knowledge of Freeze by Vehumet.
   395 | D        | HP: 1/21 [ufetubus[a ynoxinul] (2)]
   395 | D        | Slain by an ufetubus

Vault maps used:
D:        sprint_v

Skill      XL: |  1  2 |
---------------+-------+-----
Fighting       | 1 2 |  2.2
Staves         | 2 |  2.8
Armour         | 1 2 |  2.2
Dodging        | 3 4 |  4.4
Spellcasting   | 5 6 |  6.6
Conjurations   | 2 3 |  3.4
Fire Magic     | 4 |  4.8
Stealth        | |  2.4

Action                   || total
-------------------------++-------
 Cast: Flame Tongue      ||     4
Evoke: Wand              ||     6
  Use: Potion            ||     2
  Eat: Fruit             ||    12
Armor: Robe              ||     1
Dodge: Dodged            ||    24
